Silver Tips vs Sound Tigers
Created - Wednesday, December 11, 2024 at 00:19
Goals
|
Silver Tips |
2 |
2 |
1 |
5 |
Sound Tigers |
0 |
0 |
1 |
1 |
|
Shots
|
Silver Tips |
16 |
12 |
13 |
41 |
Sound Tigers |
5 |
3 |
5 |
13 |
|
1st period
1. Silver Tips , Dylan Holloway 14 (Caleb Jones 10, Brock McGinn 16) at 5:17 (PP)
2. Silver Tips , Yegor Zamula 2 (Caleb Jones 11, Brock McGinn 17) at 6:47
Penalties :
Chase De Leo (EVT) for Holding (Minor) at 1:24, Noel Hoefenmayer (BRI) for Tripping (Minor) at 4:41, Caleb Jones (EVT) for Holding (Minor) at 11:12, Ryan Francis (BRI) for Slashing (Minor) at 12:02, Dominic Franco (BRI) for Holding (Minor) at 16:12, Devante Stephens (BRI) for High sticking (Minor) at 19:56
2nd period
3. Silver Tips , Juuso Parssinen 4 (David Jiricek 15) at 14:13
4. Silver Tips , Dylan Holloway 15 (Erik Gustafsson 15, Marc Staal 10) at 18:06
Penalties :
Dominic Franco (BRI) for Tripping (Minor) at 14:53, Dylan Holloway (EVT) for Tripping (Minor) at 14:56, Liam O'Brien (BRI) for Hooking (Minor) at 18:31
3rd period
5. Silver Tips , Dylan Holloway 16 (Caleb Jones 12, Yegor Zamula 5) at 0:53
6. Sound Tigers , Callahan Burke 9 (Jimmy Schuldt 7) at 3:11 (PP)
Penalties :
Juuso Parssinen (EVT) for Hooking (Minor) at 2:16, Mason Shaw (BRI) for High sticking (Minor) at 9:47, Samuel Fagemo (EVT) for Slashing (Minor) at 10:35
Goalie Stats
Joel Hofer (EVT), 12 saves from 13 shots - (0.923), W, 14-4-1, 60:00 minutes
Kevin Mandolese (BRI), 36 saves from 41 shots - (0.878), L, 5-7-1, 60:00 minutes
Players Stats for Silver Tips
Player Name G A P +/- PIM S H SB GA TA FO MP PP MP PK MP
------------------------------------------------------------------------------------
Adam Cracknell 0 0 0 0 0 1 1 0 0 0 1/1 9:42 0:00 0:03
Aku Raty 0 0 0 0 0 0 0 0 0 0 0/0 0:00 0:00 0:00
Brock McGinn 0 2 2 3 0 3 1 1 0 0 1/2 19:34 4:44 1:31
Caleb Jones 0 3 3 2 2 3 1 0 0 0 0/0 20:34 2:56 1:45
Chase De Leo 0 0 0 0 2 1 1 0 0 0 0/1 15:42 0:00 1:01
David Jiricek 0 1 1 1 0 0 2 0 0 0 0/0 16:11 0:00 0:00
Dylan Holloway 3 0 3 3 2 4 0 0 0 0 10/27 20:04 4:43 3:01
Elmer Soderblom 0 0 0 3 0 1 2 0 0 0 0/2 17:04 4:44 0:00
Erik Gustafsson 0 1 1 1 0 2 1 2 0 0 0/0 22:48 5:18 2:24
Jeremy Davies 0 0 0 1 0 1 3 1 0 0 0/0 16:16 0:00 0:42
Juuso Parssinen 1 0 1 1 2 8 0 0 0 0 8/15 15:39 3:30 1:27
Kailer Yamamoto 0 0 0 1 0 8 0 0 0 0 2/4 20:21 3:30 1:31
Marc Staal 0 1 1 1 0 1 0 0 0 0 0/0 22:41 5:18 2:17
Nathan Todd 0 0 0 1 0 1 2 0 0 0 7/10 15:57 0:00 0:00
Patrick Maroon 0 0 0 0 0 0 0 0 0 0 0/0 0:05 0:00 0:05
Raphael Lavoie 0 0 0 0 0 2 5 0 0 0 7/14 18:22 0:00 0:31
Samuel Fagemo 0 0 0 0 2 2 3 0 0 0 0/1 18:35 3:29 0:00
Yegor Zamula 1 1 2 2 0 3 1 0 0 0 0/0 21:29 2:56 2:02
Players Stats for Sound Tigers
Player Name G A P +/- PIM S H SB GA TA FO MP PP MP PK MP
------------------------------------------------------------------------------------
Austin Czarnik 0 0 0 0 0 1 0 0 0 0 1/2 11:33 3:00 1:14
Callahan Burke 1 0 1 -2 0 4 1 0 0 0 5/13 15:15 0:11 0:00
Devante Stephens 0 0 0 -1 2 0 6 1 0 0 0/0 22:05 1:50 3:11
Dominic Franco 0 0 0 -2 4 2 2 0 0 0 0/1 13:50 0:00 0:00
Helge Grans 0 0 0 -1 0 0 3 2 0 0 0/0 22:11 1:50 4:30
Jimmy Schuldt 0 1 1 -1 0 0 2 0 0 0 0/0 21:57 2:45 3:27
Kyle Betts 0 0 0 -1 0 0 0 0 0 0 7/10 9:30 0:00 0:00
Liam O'Brien 0 0 0 -1 2 0 1 0 0 0 4/12 22:38 3:00 3:30
Logan Morrison 0 0 0 -1 0 1 0 0 0 0 8/12 18:31 1:21 2:23
Mason Shaw 0 0 0 -1 2 0 2 0 0 0 1/2 14:42 1:24 0:00
Nate Clurman 0 0 0 -2 0 0 2 0 0 0 0/0 16:03 0:00 1:46
Noel Hoefenmayer 0 0 0 -2 2 0 1 3 0 0 0/0 16:01 0:11 0:17
Philippe Maillet 0 0 0 0 0 1 1 0 0 0 8/12 16:57 3:00 5:21
Ryan Francis 0 0 0 -1 2 0 0 1 0 0 0/1 9:35 0:10 0:00
Tim Gettinger 0 0 0 -1 0 2 1 0 0 0 1/1 16:11 1:24 1:08
Timur Ibragimov 0 0 0 -2 0 2 0 0 0 0 5/8 16:45 0:00 2:21
Tobias Bjornfot 0 0 0 -1 0 0 2 1 0 0 0/1 20:44 2:34 3:17
Ty Glover 0 0 0 0 0 0 0 0 0 0 1/2 2:55 0:14 0:31
3 Stars
1 - Dylan Holloway (EVT)
2 - Yegor Zamula (EVT)
3 - Brock McGinn (EVT)
Power Play
Silver Tips - 1 on 7 Attempt(s) - 14.29%
Sound Tigers - 1 on 5 Attempt(s) - 20.00%
Penalty Kill
Silver Tips - 4 on 5 Attempt(s) - 80.00%
- Score 0 goal in Penalty Kill
Sound Tigers - 6 on 7 Attempt(s) - 85.71%
- Score 0 goal in Penalty Kill
Team Stat
Silver Tips - Hits : 23 - Faceoff Wins : 36 - Blocked Shots : 4 - Penalty Minutes : 10
Sound Tigers - Hits : 24 - Faceoff Wins : 41 - Blocked Shots : 8 - Penalty Minutes : 14
Official
Referees : Morgan Macphee and Jon Mcisaac
Linesman : Julien Fournier and Ryan Gibbons
Game Notes
Dylan Holloway has scored a Hat Trick!
Finance
Level 1 -- Attendance: 2000 (100.00%) -- Ticket Income $70,000
Level 2 -- Attendance: 865 (86.50%) -- Ticket Income $12,975
Total Attendance: 2865 (95.50%)
Total Ticket Income: $82,975
Other Income: $40,658
Total Income: $123,633
Silver Tips
5 vs 5 Forward
Center Left Wing Right Wing Time % Phy DF OF
1 Juuso Parssinen Nathan Todd Kailer Yamamoto 25 1 2 2
2 Dylan Holloway Elmer Soderblom Brock McGinn 25 1 2 2
3 Raphael Lavoie Chase De Leo Samuel Fagemo 25 1 2 2
4 Nathan Todd Kailer Yamamoto Adam Cracknell 25 1 2 2
5 vs 5 Defense
Defense Defense Time % Phy DF OF
1 Erik Gustafsson Marc Staal 25 1 2 2
2 Caleb Jones Yegor Zamula 25 1 2 2
3 David Jiricek Jeremy Davies 25 1 2 2
4 Erik Gustafsson Marc Staal 25 1 2 2
PowerPlay Forward
Center Left Wing Right Wing Time % Phy DF OF
1 Juuso Parssinen Samuel Fagemo Kailer Yamamoto 60 1 2 2
2 Dylan Holloway Elmer Soderblom Brock McGinn 40 1 2 2
PowerPlay Defense
Defense Defense Time % Phy DF OF
1 Erik Gustafsson Marc Staal 60 1 2 2
2 Caleb Jones Yegor Zamula 40 1 2 2
Penalty Kill 4 Players Forward
Center Wing Time % Phy DF OF
1 Dylan Holloway Juuso Parssinen 60 1 2 2
2 Kailer Yamamoto Brock McGinn 40 1 2 2
Penalty Kill 4 Players Defense
Defense Defense Time % Phy DF OF
1 Erik Gustafsson Marc Staal 60 1 2 2
2 Caleb Jones Yegor Zamula 40 1 2 2
Penalty Kill - 3 Players Forward
Forward Time % Phy DF OF
1 Kailer Yamamoto 60 1 2 2
2 Juuso Parssinen 40 1 2 2
Penalty Kill - 3 Players Defense
Defense Defense Time % Phy DF OF
1 Erik Gustafsson Marc Staal 60 1 2 2
2 Caleb Jones Yegor Zamula 40 1 2 2
4 vs 4 Forward
Center Wing Time % Phy DF OF
1 Raphael Lavoie Juuso Parssinen 60 1 2 2
2 Kailer Yamamoto Brock McGinn 40 1 2 2
4 vs 4 Defense
Defense Defense Time % Phy DF OF
1 Erik Gustafsson Marc Staal 60 1 2 2
2 Caleb Jones Yegor Zamula 40 1 2 2
Last Minutes Offensive
Center Left Wing Right Wing Defense Defense
Juuso Parssinen Brock McGinn Kailer Yamamoto Erik Gustafsson Marc Staal
Last Minutes Defensive
Center Left Wing Right Wing Defense Defense
Juuso Parssinen Brock McGinn Kailer Yamamoto Erik Gustafsson Marc Staal
Goaltenders
Starting : Joel Hofer
Backup : Sebastian Cossa
Extra Forwards
Normal : Juuso Parssinen, Samuel Fagemo, Raphael Lavoie - PP : Juuso Parssinen, Samuel Fagemo - PK : Raphael Lavoie
Extra Defensemen
Normal : David Jiricek, Jeremy Davies, Caleb Jones - PP : David Jiricek - PK : Jeremy Davies, Caleb Jones
Penalty Shots
Samuel Fagemo, Juuso Parssinen, Kailer Yamamoto, Brock McGinn, Dylan Holloway
Custom OT Lines Forwards
Adam Cracknell, Juuso Parssinen, Kailer Yamamoto, Brock McGinn, Dylan Holloway, Samuel Fagemo, Raphael Lavoie, Elmer Soderblom, Nathan Todd, Chase De Leo
Custom OT Lines Defensemen
Erik Gustafsson, Marc Staal, Caleb Jones, Yegor Zamula, David Jiricek
Scratches
Santtu Kinnunen (Healthy), Adam Ginning (Healthy), Henri Nikkanen (Healthy), William Trudeau (Healthy), Brendan Perlini (Healthy)
Tyce Thompson (Healthy), Mikael Pyyhtia (Healthy), Olle Lycksell (Healthy), Hayden Hodgson (Healthy), Adam Edstrom (Healthy)
Navrin Mutter (Healthy), Zack Ostapchuk (Healthy), Gustav Olofsson (Healthy), Alexander Kisakov (Healthy), Maximus Wanner (Healthy)
Andre Lee (Healthy), Carter Savoie (Healthy), Jeremy McKenna (Healthy), Nathan Gaucher (Healthy), Ryan Hofer (Healthy)
Blade Jenkins (Healthy), Riley Sawchuk (Healthy), Judd Caulfield (Healthy), Tarun Fizer (Healthy), Jake Wise (Healthy)
Mitch Reinke (Healthy), Rourke Chartier (Healthy), Mike O'Leary (Healthy), Joel Teasdale (Healthy), Tate Singleton (Healthy)
Joseph Cecconi (Healthy), Peter DiLiberatore (Healthy), Leevi Merilainen (Healthy), Vadim Zherenko (Healthy), Remi Poirier (Healthy)
Colten Ellis (Healthy), Dustin Wolf (Healthy)
Sound Tigers
5 vs 5 Forward
Center Left Wing Right Wing Time % Phy DF OF
1 Philippe Maillet Liam O'Brien Austin Czarnik 25 1 2 2
2 Logan Morrison Mason Shaw Tim Gettinger 25 1 2 2
3 Callahan Burke Timur Ibragimov Dominic Franco 25 1 2 2
4 Kyle Betts Liam O'Brien Ryan Francis 25 1 2 2
5 vs 5 Defense
Defense Defense Time % Phy DF OF
1 Jimmy Schuldt Tobias Bjornfot 40 1 2 2
2 Helge Grans Devante Stephens 35 1 2 2
3 Noel Hoefenmayer Nate Clurman 25 1 2 2
4 Jimmy Schuldt Tobias Bjornfot 0 1 2 2
PowerPlay Forward
Center Left Wing Right Wing Time % Phy DF OF
1 Philippe Maillet Liam O'Brien Austin Czarnik 60 0 0 5
2 Logan Morrison Mason Shaw Tim Gettinger 40 0 0 5
PowerPlay Defense
Defense Defense Time % Phy DF OF
1 Jimmy Schuldt Tobias Bjornfot 60 0 0 5
2 Helge Grans Devante Stephens 40 0 0 5
Penalty Kill 4 Players Forward
Center Wing Time % Phy DF OF
1 Liam O'Brien Philippe Maillet 60 0 5 0
2 Austin Czarnik Logan Morrison 40 0 5 0
Penalty Kill 4 Players Defense
Defense Defense Time % Phy DF OF
1 Jimmy Schuldt Tobias Bjornfot 60 0 5 0
2 Helge Grans Devante Stephens 40 0 5 0
Penalty Kill - 3 Players Forward
Forward Time % Phy DF OF
1 Liam O'Brien 60 0 5 0
2 Philippe Maillet 40 0 5 0
Penalty Kill - 3 Players Defense
Defense Defense Time % Phy DF OF
1 Jimmy Schuldt Tobias Bjornfot 60 0 5 0
2 Helge Grans Devante Stephens 40 0 5 0
4 vs 4 Forward
Center Wing Time % Phy DF OF
1 Liam O'Brien Philippe Maillet 60 1 2 2
2 Austin Czarnik Logan Morrison 40 1 2 2
4 vs 4 Defense
Defense Defense Time % Phy DF OF
1 Jimmy Schuldt Tobias Bjornfot 60 1 2 2
2 Helge Grans Devante Stephens 40 1 2 2
Last Minutes Offensive
Center Left Wing Right Wing Defense Defense
Philippe Maillet Liam O'Brien Austin Czarnik Jimmy Schuldt Tobias Bjornfot
Last Minutes Defensive
Center Left Wing Right Wing Defense Defense
Philippe Maillet Liam O'Brien Austin Czarnik Jimmy Schuldt Tobias Bjornfot
Goaltenders
Starting : Kevin Mandolese
Backup : Erik Portillo
Extra Forwards
Normal : Ty Glover, Callahan Burke, Timur Ibragimov - PP : Ty Glover, Callahan Burke - PK : Timur Ibragimov
Extra Defensemen
Normal : Noel Hoefenmayer, Nate Clurman, Helge Grans - PP : Noel Hoefenmayer - PK : Nate Clurman, Helge Grans
Penalty Shots
Liam O'Brien, Philippe Maillet, Austin Czarnik, Logan Morrison, Mason Shaw
Custom OT Lines Forwards
Liam O'Brien, Philippe Maillet, Austin Czarnik, Logan Morrison, Mason Shaw, Tim Gettinger, Callahan Burke, Timur Ibragimov, Dominic Franco, Kyle Betts
Custom OT Lines Defensemen
Jimmy Schuldt, Tobias Bjornfot, Helge Grans, Devante Stephens, Noel Hoefenmayer
Scratches
Matteo Pietroniro (Healthy), Dmitri Zlodeyev (Healthy), Adam Karashik (Healthy), Riley McKay (Healthy), Keaton Thompson (Healthy)
Matt Stienburg (Healthy), William Lagesson (Healthy)
% Time on Ice - Silver TipsLines # - Real PCT - Wanted PCT - Time Play
Normal Forward
1 - 18% - 25% - 7:54
2 - 29% - 25% - 12:20
3 - 34% - 25% - 14:38
4 - 19% - 25% - 8:03
Normal Defense
1 - 16% - 25% - 6:50
2 - 32% - 25% - 13:42
3 - 36% - 25% - 15:34
4 - 16% - 25% - 6:49
PP Forward
1 - 43% - 60% - 3:30
2 - 57% - 40% - 4:44
PP Defense
1 - 64% - 60% - 5:18
2 - 36% - 40% - 2:56
PK Forward
1 - 67% - 60% - 3:04
2 - 33% - 40% - 1:31
PK Defense
1 - 56% - 60% - 2:33
2 - 44% - 40% - 2:02
PK3 Forward
1 - 0% - 60%
2 - 0% - 40%
PK3 Defense
1 - 0% - 60%
2 - 0% - 40%
44 Forward
1 - 77% - 60% - 3:17
2 - 23% - 40% - 0:59
44 Defense
1 - 34% - 60% - 1:27
2 - 66% - 40% - 2:49
Last Minute Offensive - 0:00
Last Minute Defensive - 0:00
Total
Forward - 60:00
Defense - 60:00
|
% Time on Ice - Sound TigersLines # - Real PCT - Wanted PCT - Time Play
Normal Forward
1 - 15% - 25% - 6:19
2 - 31% - 25% - 13:19
3 - 32% - 25% - 13:52
4 - 22% - 25% - 9:25
Normal Defense
1 - 34% - 40% - 14:30
2 - 42% - 35% - 18:00
3 - 24% - 25% - 10:25
4 - 0% - 0% - 0:00
PP Forward
1 - 69% - 60% - 3:11
2 - 31% - 40% - 1:24
PP Defense
1 - 60% - 60% - 2:45
2 - 40% - 40% - 1:50
PK Forward
1 - 79% - 60% - 6:29
2 - 21% - 40% - 1:45
PK Defense
1 - 42% - 60% - 3:27
2 - 58% - 40% - 4:47
PK3 Forward
1 - 0% - 60%
2 - 0% - 40%
PK3 Defense
1 - 0% - 60%
2 - 0% - 40%
44 Forward
1 - 77% - 60% - 3:16
2 - 23% - 40% - 1:00
44 Defense
1 - 46% - 60% - 1:57
2 - 54% - 40% - 2:19
Last Minute Offensive - 0:00
Last Minute Defensive - 0:00
Total
Forward - 60:00
Defense - 60:00
|
Play-by-Play
1st period
0:01 of 1st period - Philippe Maillet wins face-off versus Juuso Parssinen in neutral zone.
0:04 of 1st period - Shot by Liam O'Brien.
0:04 of 1st period - Deflect By Philippe Maillet.
0:04 of 1st period - Shot Misses the Net.
0:18 of 1st period - Shot by Juuso Parssinen.
0:18 of 1st period - Stopped by Kevin Mandolese without a rebound.
0:19 of 1st period - Logan Morrison wins face-off versus Dylan Holloway in Sound Tigers zone.
0:19 of 1st period - Logan Morrison is hit by Elmer Soderblom.
1:08 of 1st period - Off-side.
1:09 of 1st period - Kailer Yamamoto wins face-off versus Callahan Burke in neutral zone.
1:16 of 1st period - Shot by Kailer Yamamoto.
1:16 of 1st period - Stopped by Kevin Mandolese without a rebound.
1:17 of 1st period - Kyle Betts wins face-off versus Raphael Lavoie in Sound Tigers zone.
1:17 of 1st period - Kyle Betts is hit by Raphael Lavoie.
1:22 of 1st period - Kyle Betts is hit by Samuel Fagemo and loses puck.
1:24 of 1st period - Minor Penalty to Chase De Leo for Holding.
1:25 of 1st period - Philippe Maillet wins face-off versus Dylan Holloway in Silver Tips zone.
2:23 of 1st period - Shot by Tim Gettinger.
2:23 of 1st period - Stopped by Joel Hofer without a rebound.
2:24 of 1st period - Tim Gettinger wins face-off versus Kailer Yamamoto in Silver Tips zone.
3:22 of 1st period - Shot by Austin Czarnik.
3:22 of 1st period - Stopped by Joel Hofer without a rebound.
3:23 of 1st period - Logan Morrison wins face-off versus Dylan Holloway in Silver Tips zone.
3:30 of 1st period - Shot by Chase De Leo.
3:30 of 1st period - Shot Misses the Net.
4:02 of 1st period - Shot by Samuel Fagemo.
4:02 of 1st period - Deflect By Raphael Lavoie.
4:02 of 1st period - Stopped by Kevin Mandolese with a rebound.
4:41 of 1st period - Minor Penalty to Noel Hoefenmayer for Tripping.
4:42 of 1st period - Liam O'Brien wins face-off versus Dylan Holloway in Sound Tigers zone.
5:17 of 1st period - Shot by Dylan Holloway.
5:17 of 1st period - Goal by Dylan Holloway - Silver Tips : 1 - Sound Tigers : 0.
5:18 of 1st period - Juuso Parssinen wins face-off versus Logan Morrison in neutral zone.
5:48 of 1st period - Nathan Todd is hit by Tobias Bjornfot and loses puck.
6:07 of 1st period - Shot by Samuel Fagemo.
6:07 of 1st period - Deflect By Raphael Lavoie.
6:07 of 1st period - Stopped by Kevin Mandolese without a rebound.
6:08 of 1st period - Raphael Lavoie wins face-off versus Kyle Betts in Sound Tigers zone.
6:29 of 1st period - Shot by Raphael Lavoie.
6:29 of 1st period - Shot Misses the Net.
6:31 of 1st period - Shot by Chase De Leo.
6:31 of 1st period - Stopped by Kevin Mandolese without a rebound.
6:32 of 1st period - Dylan Holloway wins face-off versus Callahan Burke in Sound Tigers zone.
6:45 of 1st period - Shot by Caleb Jones.
6:45 of 1st period - Stopped by Kevin Mandolese with a rebound.
6:47 of 1st period - Shot by Yegor Zamula.
6:47 of 1st period - Goal by Yegor Zamula - Silver Tips : 2 - Sound Tigers : 0.
6:48 of 1st period - Raphael Lavoie wins face-off versus Philippe Maillet in neutral zone.
7:09 of 1st period - Shot by Samuel Fagemo.
7:09 of 1st period - Shot Misses the Net.
7:27 of 1st period - Icing by Austin Czarnik.
7:28 of 1st period - Nathan Todd wins face-off versus Philippe Maillet in Sound Tigers zone.
8:32 of 1st period - Icing by Yegor Zamula.
8:33 of 1st period - Callahan Burke wins face-off versus Dylan Holloway in Silver Tips zone.
8:36 of 1st period - Shot by Timur Ibragimov.
8:36 of 1st period - Shot Hit the Post.
8:43 of 1st period - Icing by Yegor Zamula.
8:44 of 1st period - Dylan Holloway wins face-off versus Callahan Burke in Silver Tips zone.
9:51 of 1st period - Jeremy Davies is hit by Dominic Franco and loses puck.
10:04 of 1st period - Shot by Logan Morrison.
10:04 of 1st period - Shot Misses the Net.
11:12 of 1st period - Minor Penalty to Caleb Jones for Holding.
11:13 of 1st period - Philippe Maillet wins face-off versus Dylan Holloway in Silver Tips zone.
11:18 of 1st period - Shot by Devante Stephens.
11:18 of 1st period - Shot Blocked by Erik Gustafsson.
11:20 of 1st period - Shot by Liam O'Brien.
11:20 of 1st period - Shot Misses the Net.
11:22 of 1st period - Shot by Philippe Maillet.
11:22 of 1st period - Stopped by Joel Hofer without a rebound.
11:23 of 1st period - Philippe Maillet wins face-off versus Dylan Holloway in Silver Tips zone.
12:02 of 1st period - Minor Penalty to Ryan Francis for Slashing.
12:03 of 1st period - Raphael Lavoie wins face-off versus Liam O'Brien in Sound Tigers zone.
12:06 of 1st period - Shot by Juuso Parssinen.
12:06 of 1st period - Shot Misses the Net.
12:47 of 1st period - Icing by Liam O'Brien.
12:48 of 1st period - Liam O'Brien wins face-off versus Raphael Lavoie in Sound Tigers zone.
13:35 of 1st period - Shot by Yegor Zamula.
13:35 of 1st period - Shot Misses the Net.
13:37 of 1st period - Shot by Elmer Soderblom.
13:37 of 1st period - Stopped by Kevin Mandolese without a rebound.
13:38 of 1st period - Timur Ibragimov wins face-off versus Juuso Parssinen in Sound Tigers zone.
13:38 of 1st period - Timur Ibragimov is hit by Samuel Fagemo.
13:48 of 1st period - Shot by Kailer Yamamoto.
13:48 of 1st period - Deflect By Samuel Fagemo.
13:48 of 1st period - Stopped by Kevin Mandolese without a rebound.
13:49 of 1st period - Timur Ibragimov wins face-off versus Juuso Parssinen in Sound Tigers zone.
14:00 of 1st period - Shot by Caleb Jones.
14:00 of 1st period - Stopped by Kevin Mandolese without a rebound.
14:01 of 1st period - Timur Ibragimov wins face-off versus Dylan Holloway in Sound Tigers zone.
14:26 of 1st period - Nathan Todd is hit by Nate Clurman and loses puck.
14:36 of 1st period - Callahan Burke is hit by Jeremy Davies and loses puck.
14:50 of 1st period - Tim Gettinger is hit by David Jiricek.
14:54 of 1st period - Shot by Logan Morrison.
14:54 of 1st period - Stopped by Joel Hofer without a rebound.
14:55 of 1st period - Kyle Betts wins face-off versus Elmer Soderblom in Silver Tips zone.
15:21 of 1st period - Icing by Devante Stephens.
15:22 of 1st period - Kyle Betts wins face-off versus Raphael Lavoie in Sound Tigers zone.
15:22 of 1st period - Kyle Betts is hit by Chase De Leo.
15:54 of 1st period - Logan Morrison is hit by Caleb Jones and loses puck.
16:04 of 1st period - Mason Shaw is hit by Yegor Zamula and loses puck.
16:07 of 1st period - Shot by Tim Gettinger.
16:07 of 1st period - Stopped by Joel Hofer without a rebound.
16:08 of 1st period - Callahan Burke wins face-off versus Brock McGinn in Silver Tips zone.
16:09 of 1st period - Shot by Timur Ibragimov.
16:09 of 1st period - Shot Blocked by Erik Gustafsson.
16:12 of 1st period - Minor Penalty to Dominic Franco for Holding.
16:13 of 1st period - Dylan Holloway wins face-off versus Liam O'Brien in Sound Tigers zone.
16:16 of 1st period - Shot by Marc Staal.
16:16 of 1st period - Shot Misses the Net.
16:18 of 1st period - Shot by Brock McGinn.
16:18 of 1st period - Stopped by Kevin Mandolese with a rebound.
16:20 of 1st period - Shot by Erik Gustafsson.
16:20 of 1st period - Stopped by Kevin Mandolese without a rebound.
16:21 of 1st period - Dylan Holloway wins face-off versus Liam O'Brien in Sound Tigers zone.
16:26 of 1st period - Shot by Brock McGinn.
16:26 of 1st period - Stopped by Kevin Mandolese without a rebound.
16:27 of 1st period - Juuso Parssinen wins face-off versus Liam O'Brien in Sound Tigers zone.
16:51 of 1st period - Shot by Kailer Yamamoto.
16:51 of 1st period - Stopped by Kevin Mandolese without a rebound.
16:52 of 1st period - Dylan Holloway wins face-off versus Austin Czarnik in Sound Tigers zone.
16:59 of 1st period - Shot by Caleb Jones.
16:59 of 1st period - Shot Blocked by Helge Grans.
17:01 of 1st period - Shot by Caleb Jones.
17:01 of 1st period - Stopped by Kevin Mandolese without a rebound.
17:02 of 1st period - Liam O'Brien wins face-off versus Dylan Holloway in Sound Tigers zone.
17:15 of 1st period - Shot by Marc Staal.
17:15 of 1st period - Shot Misses the Net.
18:14 of 1st period - Nate Clurman is hit by Nathan Todd and loses puck.
18:27 of 1st period - Shot by Nathan Todd.
18:27 of 1st period - Shot Misses the Net.
18:29 of 1st period - Shot by Kailer Yamamoto.
18:29 of 1st period - Shot Misses the Net.
18:38 of 1st period - David Jiricek is hit by Nate Clurman and loses puck.
19:56 of 1st period - Minor Penalty to Devante Stephens for High sticking.
19:57 of 1st period - Juuso Parssinen wins face-off versus Liam O'Brien in Sound Tigers zone.
Goals for this period are 2 for Silver Tips vs 0 for Sound Tigers.
Shots for this period are 16 for Silver Tips vs 5 for Sound Tigers.
2nd period
0:01 of 2nd period - Juuso Parssinen wins face-off versus Liam O'Brien in neutral zone.
0:21 of 2nd period - Kailer Yamamoto is hit by Jimmy Schuldt and loses puck.
0:36 of 2nd period - Shot by Kailer Yamamoto.
0:36 of 2nd period - Stopped by Kevin Mandolese without a rebound.
0:37 of 2nd period - Austin Czarnik wins face-off versus Dylan Holloway in Sound Tigers zone.
0:37 of 2nd period - Austin Czarnik is hit by Brock McGinn.
0:47 of 2nd period - Shot by Yegor Zamula.
0:47 of 2nd period - Stopped by Kevin Mandolese without a rebound.
0:48 of 2nd period - Dylan Holloway wins face-off versus Liam O'Brien in Sound Tigers zone.
0:51 of 2nd period - Shot by Caleb Jones.
0:51 of 2nd period - Shot Misses the Net.
1:13 of 2nd period - Shot by Dylan Holloway.
1:13 of 2nd period - Shot Misses the Net.
1:56 of 2nd period - Shot by Kailer Yamamoto.
1:56 of 2nd period - Shot Hit the Post.
2:01 of 2nd period - Off-side.
2:02 of 2nd period - Logan Morrison wins face-off versus Nathan Todd in neutral zone.
2:59 of 2nd period - Chase De Leo is hit by Devante Stephens and loses puck.
3:37 of 2nd period - Dylan Holloway is hit by Noel Hoefenmayer and loses puck.
3:45 of 2nd period - Brock McGinn is hit by Devante Stephens and loses puck.
3:50 of 2nd period - Shot by Brock McGinn.
3:50 of 2nd period - Shot Misses the Net.
4:04 of 2nd period - Shot by Brock McGinn.
4:04 of 2nd period - Shot Misses the Net.
4:34 of 2nd period - Shot by Nathan Todd.
4:34 of 2nd period - Shot Misses the Net.
8:05 of 2nd period - Juuso Parssinen is hit by Helge Grans and loses puck.
8:12 of 2nd period - Shot by Nathan Todd.
8:12 of 2nd period - Shot Blocked by Helge Grans.
8:14 of 2nd period - Shot by Jeremy Davies.
8:14 of 2nd period - Stopped by Kevin Mandolese without a rebound.
8:15 of 2nd period - Adam Cracknell wins face-off versus Tobias Bjornfot in Sound Tigers zone.
8:17 of 2nd period - Nathan Todd is hit by Callahan Burke.
8:25 of 2nd period - Shot by Juuso Parssinen.
8:25 of 2nd period - Shot Misses the Net.
8:37 of 2nd period - Shot by Nathan Todd.
8:37 of 2nd period - Shot Misses the Net.
9:15 of 2nd period - Icing by David Jiricek.
9:16 of 2nd period - Juuso Parssinen wins face-off versus Callahan Burke in Silver Tips zone.
9:40 of 2nd period - Dominic Franco is hit by Raphael Lavoie and loses puck.
9:44 of 2nd period - Devante Stephens is hit by Raphael Lavoie.
10:39 of 2nd period - Shot by Logan Morrison.
10:39 of 2nd period - Shot Misses the Net.
10:44 of 2nd period - Off-side.
10:45 of 2nd period - Kyle Betts wins face-off versus Dylan Holloway in neutral zone.
10:52 of 2nd period - Shot by Liam O'Brien.
10:52 of 2nd period - Shot Blocked by Brock McGinn.
11:02 of 2nd period - Icing by Noel Hoefenmayer.
11:03 of 2nd period - Dylan Holloway wins face-off versus Kyle Betts in Sound Tigers zone.
12:17 of 2nd period - Tim Gettinger is hit by Erik Gustafsson and loses puck.
13:09 of 2nd period - Shot by Timur Ibragimov.
13:09 of 2nd period - Shot Misses the Net.
13:13 of 2nd period - Shot by Dominic Franco.
13:13 of 2nd period - Stopped by Joel Hofer without a rebound.
13:14 of 2nd period - Nathan Todd wins face-off versus Logan Morrison in Silver Tips zone.
13:22 of 2nd period - Off-side.
13:23 of 2nd period - Brock McGinn wins face-off versus Kyle Betts in neutral zone.
13:29 of 2nd period - Dylan Holloway is hit by Devante Stephens and loses puck.
13:36 of 2nd period - Yegor Zamula is hit by Liam O'Brien and loses puck.
14:04 of 2nd period - Icing by Jimmy Schuldt.
14:05 of 2nd period - Callahan Burke wins face-off versus Juuso Parssinen in Sound Tigers zone.
14:13 of 2nd period - Shot by Juuso Parssinen.
14:13 of 2nd period - Goal by Juuso Parssinen - Silver Tips : 3 - Sound Tigers : 0.
14:14 of 2nd period - Nathan Todd wins face-off versus Logan Morrison in neutral zone.
14:27 of 2nd period - Shot by Kailer Yamamoto.
14:27 of 2nd period - Stopped by Kevin Mandolese without a rebound.
14:28 of 2nd period - Juuso Parssinen wins face-off versus Callahan Burke in Sound Tigers zone.
14:28 of 2nd period - Juuso Parssinen is hit by Jimmy Schuldt.
14:41 of 2nd period - Juuso Parssinen is hit by Tobias Bjornfot and loses puck.
14:52 of 2nd period - Shot by Dominic Franco.
14:52 of 2nd period - Stopped by Joel Hofer with a rebound.
14:53 of 2nd period - Minor Penalty to Dominic Franco for Tripping.
14:54 of 2nd period - Liam O'Brien wins face-off versus Dylan Holloway in Sound Tigers zone.
14:56 of 2nd period - Minor Penalty to Dylan Holloway for Tripping.
14:57 of 2nd period - Raphael Lavoie wins face-off versus Liam O'Brien in Silver Tips zone.
15:18 of 2nd period - Shot by Juuso Parssinen.
15:18 of 2nd period - Stopped by Kevin Mandolese with a rebound.
15:24 of 2nd period - Shot by Juuso Parssinen.
15:24 of 2nd period - Stopped by Kevin Mandolese with a rebound.
15:58 of 2nd period - Shot by Brock McGinn.
15:58 of 2nd period - Shot Misses the Net.
16:40 of 2nd period - Shot by Yegor Zamula.
16:40 of 2nd period - Stopped by Kevin Mandolese with a rebound.
17:05 of 2nd period - Shot by Callahan Burke.
17:05 of 2nd period - Stopped by Joel Hofer without a rebound.
17:06 of 2nd period - Nathan Todd wins face-off versus Dominic Franco in Silver Tips zone.
17:11 of 2nd period - Nate Clurman is hit by Nathan Todd.
17:29 of 2nd period - Shot by Dominic Franco.
17:29 of 2nd period - Shot Blocked by Jeremy Davies.
18:06 of 2nd period - Shot by Dylan Holloway.
18:06 of 2nd period - Goal by Dylan Holloway - Silver Tips : 4 - Sound Tigers : 0.
18:07 of 2nd period - Raphael Lavoie wins face-off versus Ryan Francis in neutral zone.
18:12 of 2nd period - Icing by Tobias Bjornfot.
18:13 of 2nd period - Kyle Betts wins face-off versus Raphael Lavoie in Sound Tigers zone.
18:28 of 2nd period - Shot by Ryan Francis.
18:28 of 2nd period - Shot Misses the Net.
18:31 of 2nd period - Minor Penalty to Liam O'Brien for Hooking.
18:32 of 2nd period - Dylan Holloway wins face-off versus Philippe Maillet in Sound Tigers zone.
18:47 of 2nd period - Shot by Erik Gustafsson.
18:47 of 2nd period - Stopped by Kevin Mandolese without a rebound.
18:48 of 2nd period - Juuso Parssinen wins face-off versus Timur Ibragimov in Sound Tigers zone.
18:57 of 2nd period - Shot by Kailer Yamamoto.
18:57 of 2nd period - Stopped by Kevin Mandolese with a rebound.
19:03 of 2nd period - Shot by Juuso Parssinen.
19:03 of 2nd period - Stopped by Kevin Mandolese without a rebound.
19:04 of 2nd period - Logan Morrison wins face-off versus Dylan Holloway in Sound Tigers zone.
Goals for this period are 2 for Silver Tips vs 0 for Sound Tigers.
Shots for this period are 12 for Silver Tips vs 3 for Sound Tigers.
3rd period
0:01 of 3rd period - Timur Ibragimov wins face-off versus Samuel Fagemo in neutral zone.
0:04 of 3rd period - Juuso Parssinen is hit by Philippe Maillet and loses puck.
0:53 of 3rd period - Shot by Dylan Holloway.
0:53 of 3rd period - Goal by Dylan Holloway - Silver Tips : 5 - Sound Tigers : 0.
0:54 of 3rd period - Logan Morrison wins face-off versus Raphael Lavoie in neutral zone.
0:54 of 3rd period - Logan Morrison is hit by Samuel Fagemo.
1:03 of 3rd period - Shot by Logan Morrison.
1:03 of 3rd period - Shot Misses the Net.
1:10 of 3rd period - Mason Shaw is hit by Jeremy Davies.
1:13 of 3rd period - Logan Morrison is hit by Jeremy Davies and loses puck.
1:17 of 3rd period - Tim Gettinger is hit by David Jiricek and loses puck.
1:27 of 3rd period - Chase De Leo is hit by Helge Grans.
1:55 of 3rd period - Shot by Kailer Yamamoto.
1:55 of 3rd period - Shot Misses the Net.
1:57 of 3rd period - Shot by Kailer Yamamoto.
1:57 of 3rd period - Shot Misses the Net.
1:59 of 3rd period - Shot by Juuso Parssinen.
1:59 of 3rd period - Stopped by Kevin Mandolese with a rebound.
2:16 of 3rd period - Minor Penalty to Juuso Parssinen for Hooking.
2:17 of 3rd period - Philippe Maillet wins face-off versus Dylan Holloway in Silver Tips zone.
2:18 of 3rd period - Shot by Austin Czarnik.
2:18 of 3rd period - Shot Misses the Net.
2:50 of 3rd period - Icing by Philippe Maillet.
2:51 of 3rd period - Philippe Maillet wins face-off versus Dylan Holloway in Sound Tigers zone.
2:51 of 3rd period - Philippe Maillet is hit by Raphael Lavoie.
3:11 of 3rd period - Shot by Callahan Burke.
3:11 of 3rd period - Goal by Callahan Burke - Silver Tips : 5 - Sound Tigers : 1.
3:12 of 3rd period - Callahan Burke wins face-off versus Juuso Parssinen in neutral zone.
3:41 of 3rd period - Shot by Kailer Yamamoto.
3:41 of 3rd period - Deflect By Juuso Parssinen.
3:41 of 3rd period - Stopped by Kevin Mandolese without a rebound.
3:42 of 3rd period - Kyle Betts wins face-off versus Raphael Lavoie in Sound Tigers zone.
3:54 of 3rd period - Off-side.
3:55 of 3rd period - Philippe Maillet wins face-off versus Dylan Holloway in neutral zone.
4:09 of 3rd period - Icing by Brock McGinn.
4:10 of 3rd period - Dylan Holloway wins face-off versus Callahan Burke in Silver Tips zone.
4:10 of 3rd period - Dylan Holloway is hit by Dominic Franco.
4:24 of 3rd period - Shot by Timur Ibragimov.
4:24 of 3rd period - Stopped by Joel Hofer with a rebound.
4:45 of 3rd period - Off-side.
4:46 of 3rd period - Nathan Todd wins face-off versus Logan Morrison in neutral zone.
4:46 of 3rd period - Marc Staal is hit by Mason Shaw and loses puck.
4:50 of 3rd period - Off-side.
4:51 of 3rd period - Nathan Todd wins face-off versus Philippe Maillet in neutral zone.
4:58 of 3rd period - Shot by Kailer Yamamoto.
4:58 of 3rd period - Stopped by Kevin Mandolese with a rebound.
5:00 of 3rd period - Shot by Adam Cracknell.
5:00 of 3rd period - Stopped by Kevin Mandolese without a rebound.
5:01 of 3rd period - Mason Shaw wins face-off versus Chase De Leo in Sound Tigers zone.
5:08 of 3rd period - Samuel Fagemo is hit by Tim Gettinger and loses puck.
6:39 of 3rd period - Shot by Brock McGinn.
6:39 of 3rd period - Shot Misses the Net.
6:53 of 3rd period - Shot by Dylan Holloway.
6:53 of 3rd period - Shot Misses the Net.
6:55 of 3rd period - Shot by Dylan Holloway.
6:55 of 3rd period - Shot Misses the Net.
7:37 of 3rd period - Icing by Liam O'Brien.
7:38 of 3rd period - Philippe Maillet wins face-off versus Juuso Parssinen in Sound Tigers zone.
8:01 of 3rd period - Shot by Nathan Todd.
8:01 of 3rd period - Shot Misses the Net.
8:03 of 3rd period - Shot by Caleb Jones.
8:03 of 3rd period - Shot Misses the Net.
8:05 of 3rd period - Shot by Caleb Jones.
8:05 of 3rd period - Shot Misses the Net.
8:07 of 3rd period - Shot by Juuso Parssinen.
8:07 of 3rd period - Shot Blocked by Tobias Bjornfot.
8:31 of 3rd period - Shot by Jeremy Davies.
8:31 of 3rd period - Shot Misses the Net.
8:33 of 3rd period - Shot by Dylan Holloway.
8:33 of 3rd period - Shot Misses the Net.
8:35 of 3rd period - Shot by Elmer Soderblom.
8:35 of 3rd period - Shot Blocked by Noel Hoefenmayer.
9:09 of 3rd period - Shot by Samuel Fagemo.
9:09 of 3rd period - Stopped by Kevin Mandolese without a rebound.
9:10 of 3rd period - Logan Morrison wins face-off versus Nathan Todd in Sound Tigers zone.
9:37 of 3rd period - Caleb Jones is hit by Mason Shaw and loses puck.
9:47 of 3rd period - Minor Penalty to Mason Shaw for High sticking.
9:48 of 3rd period - Ty Glover wins face-off versus Elmer Soderblom in Sound Tigers zone.
10:08 of 3rd period - Shot by Brock McGinn.
10:08 of 3rd period - Stopped by Kevin Mandolese with a rebound.
10:18 of 3rd period - Shot by Dylan Holloway.
10:18 of 3rd period - Stopped by Kevin Mandolese without a rebound.
10:19 of 3rd period - Juuso Parssinen wins face-off versus Timur Ibragimov in Sound Tigers zone.
10:35 of 3rd period - Minor Penalty to Samuel Fagemo for Slashing.
10:36 of 3rd period - Raphael Lavoie wins face-off versus Ty Glover in Silver Tips zone.
11:02 of 3rd period - Shot by Juuso Parssinen.
11:02 of 3rd period - Shot Blocked by Noel Hoefenmayer.
11:34 of 3rd period - Shot by Timur Ibragimov.
11:34 of 3rd period - Stopped by Joel Hofer without a rebound.
11:35 of 3rd period - Kailer Yamamoto wins face-off versus Timur Ibragimov in Silver Tips zone.
12:44 of 3rd period - Icing by Callahan Burke.
12:45 of 3rd period - Nathan Todd wins face-off versus Callahan Burke in Sound Tigers zone.
12:51 of 3rd period - Icing by Nate Clurman.
12:52 of 3rd period - Timur Ibragimov wins face-off versus Kailer Yamamoto in Sound Tigers zone.
12:52 of 3rd period - Timur Ibragimov is hit by Adam Cracknell.
13:09 of 3rd period - Shot by Kailer Yamamoto.
13:09 of 3rd period - Stopped by Kevin Mandolese without a rebound.
13:10 of 3rd period - Kyle Betts wins face-off versus Dylan Holloway in Sound Tigers zone.
14:14 of 3rd period - Shot by Raphael Lavoie.
14:14 of 3rd period - Shot Misses the Net.
14:36 of 3rd period - Shot by Kailer Yamamoto.
14:36 of 3rd period - Stopped by Kevin Mandolese with a rebound.
14:38 of 3rd period - Shot by Nathan Todd.
14:38 of 3rd period - Stopped by Kevin Mandolese with a rebound.
14:45 of 3rd period - Kailer Yamamoto is hit by Devante Stephens and loses puck.
15:21 of 3rd period - Dylan Holloway is hit by Helge Grans and loses puck.
15:25 of 3rd period - Elmer Soderblom is hit by Devante Stephens and loses puck.
15:33 of 3rd period - Shot by Caleb Jones.
15:33 of 3rd period - Shot Blocked by Ryan Francis.
15:41 of 3rd period - Shot by Brock McGinn.
15:41 of 3rd period - Shot Blocked by Devante Stephens.
16:37 of 3rd period - Kailer Yamamoto is hit by Devante Stephens and loses puck.
17:41 of 3rd period - Shot by Tim Gettinger.
17:41 of 3rd period - Shot Misses the Net.
17:58 of 3rd period - Icing by Erik Gustafsson.
17:59 of 3rd period - Raphael Lavoie wins face-off versus Callahan Burke in Silver Tips zone.
18:24 of 3rd period - Shot by Juuso Parssinen.
18:24 of 3rd period - Shot Misses the Net.
18:30 of 3rd period - Shot by Juuso Parssinen.
18:30 of 3rd period - Stopped by Kevin Mandolese without a rebound.
18:31 of 3rd period - Dylan Holloway wins face-off versus Mason Shaw in Sound Tigers zone.
18:40 of 3rd period - Tim Gettinger is hit by Elmer Soderblom.
19:01 of 3rd period - Icing by Tobias Bjornfot.
19:02 of 3rd period - Logan Morrison wins face-off versus Nathan Todd in Sound Tigers zone.
19:23 of 3rd period - Shot by Callahan Burke.
19:23 of 3rd period - Stopped by Joel Hofer without a rebound.
19:24 of 3rd period - Callahan Burke wins face-off versus Raphael Lavoie in Silver Tips zone.
19:33 of 3rd period - Shot by Callahan Burke.
19:33 of 3rd period - Shot Hit the Post.
19:35 of 3rd period - Shot by Callahan Burke.
19:35 of 3rd period - Stopped by Joel Hofer with a rebound.
19:41 of 3rd period - Callahan Burke is hit by Raphael Lavoie and loses puck.
19:46 of 3rd period - Shot by Samuel Fagemo.
19:46 of 3rd period - Shot Misses the Net.
19:50 of 3rd period - Shot by Samuel Fagemo.
19:50 of 3rd period - Shot Blocked by Noel Hoefenmayer.
19:52 of 3rd period - Shot by Marc Staal.
19:52 of 3rd period - Stopped by Kevin Mandolese without a rebound.
19:53 of 3rd period - Logan Morrison wins face-off versus Juuso Parssinen in Sound Tigers zone.
Goals for this period are 1 for Silver Tips vs 1 for Sound Tigers.
Shots for this period are 13 for Silver Tips vs 5 for Sound Tigers.
Back to the Top